 Dungeon Crawl Stone Soup version 0.21-a0-582-g1b93aee (webtiles) character file.

207 sithsevirus the Sneak (level 5, -2/38 HPs)
             Began as a Vampire Assassin on Dec 19, 2017.
             Was a Follower of Dithmenos.
             Killed from afar by an orc wizard (9 damage)
             ... with a magic dart
             ... on level 5 of the Dungeon.
             The game lasted 00:12:46 (3727 turns).

sithsevirus the Sneak (Vampire Assassin)            Turns: 3727, Time: 00:12:46

Health: -2/38      AC:  6    Str: 10    XL:     5   Next: 54%
Magic:  5/5        EV: 13    Int: 14    God:    Dithmenos [*.....]
Gold:   140        SH:  0    Dex: 16    Spells: 4/4 levels left

rFire    . . .     SeeInvis +   q - +1 dagger (pain)
rCold    + . .     Gourm    .   (no shield)
rNeg     + + .     Faith    .   k - +0 leather armour
rPois    +         Spirit   .   (no helmet)
rElec    .         Reflect  .   x - +1 cloak {rPois}
rCorr    .         Harm     .   h - +0 pair of gloves
MR       .....                  (no boots)
Stlth    +++++.....             (no amulet)
HPRegen  0.06/turn              (no ring)
MPRegen  0.09/turn              (no ring)

@: regenerating slowly, wreathed by umbra
A: fangs 3, see invisible, unbreathing
a: Bat Form, Renounce Religion


You were on level 5 of the Dungeon.
You worshipped Dithmenos.
Dithmenos was aware of your devotion.
You were near bloodless.

You visited 1 branch of the dungeon, and saw 5 of its levels.

You collected 140 gold pieces.

Inventory:

Hand Weapons
 a - a +2 dagger
 b - a +0 blowgun
 q - a +1 dagger of pain (weapon)
Missiles
 e - 27 poisoned needles
 f - a curare-tipped needle
 j - 241 stones (quivered)
Armour
 h - a +0 pair of gloves (worn)
 k - a +0 leather armour (worn)
 x - a +1 cloak of poison resistance (worn)
Scrolls
 d - a scroll of random uselessness {unknown}
 l - a scroll of fear {unknown}
 m - 6 scrolls of identify {unknown}
 o - 2 scrolls of blinking {unknown}
 s - a scroll of magic mapping {unknown}
 t - a scroll of amnesia {unknown}
 u - 4 scrolls of teleportation {unknown}
 y - a scroll of enchant weapon {unknown}
 A - a scroll of immolation {unknown}
Potions
 c - 2 potions of brilliance {unknown}
 g - 10 potions of blood
 i - 2 potions of invisibility {unknown}
 p - a potion of heal wounds {unknown}
 r - 3 potions of curing {unknown}
 v - a potion of lignification {unknown}
 w - a potion of might {unknown}
 z - 2 potions of degeneration {unknown}
Books
 n - a book of Cantrips

   Spells                             Type                      Level
   a - Confusing Touch                Hexes                        1
   b - Animate Skeleton               Necromancy                   1
   c - Summon Small Mammal            Summoning                    1
   d - Apportation                    Translocation                1


   Skills:
 - Level 1.7 Fighting
 + Level 4.7 Short Blades
 - Level 1.5 Throwing
 + Level 3.1 Dodging
 + Level 7.3 Stealth


You had 4 spell levels left.
You didn't know any spells.

Dungeon Overview and Level Annotations

Branches:
Dungeon (5/15)
 Temple: D:4-7

Altars:
Ashenzari
Dithmenos
Wu Jian


Innate Abilities, Weirdness & Mutations

You heal slowly.
You have razor-sharp teeth.
You have supernaturally acute eyesight. (SInv)
You can survive without breathing.


Message History

The orc wizard is almost dead.
The orc wizard hits you with a dagger.
* * * LOW HITPOINT WARNING * * *
The orc wizard misses you.
You completely miss the orc wizard.
The orc wizard is almost dead.
The orc wizard hits you but does no damage.
You hit the orc wizard but do no damage.
The orc wizard is almost dead.
The orc wizard hits you with a dagger.
* * * LOW HITPOINT WARNING * * *
Okay, then.
You hit the orc wizard but do no damage.
The orc wizard is almost dead.
The orc wizard misses you.
The orc wizard casts a spell.
The orc wizard blinks!
The orc wizard points at you and mumbles some strange words.
The magic dart hits you!
You die...

.............#
#..)......#
#.........#
#.........#
#.######### #o#
#.# #.# ### #@#
... #o# ## #.#
#.################
#.................
##################


You could see an orc wizard and an orc.

Vanquished Creatures
  A hound (D:3)
  An orc priest (D:5)
  2 worker ants (D:4)
  A gnoll (D:1)
  3 adders
  An ooze (D:2)
  2 dart slugs (D:1)
  2 leopard geckos (D:1)
  2 giant cockroaches
  4 goblins
  11 hobgoblins
  2 jackals (D:3)
  4 kobolds
  3 quokkas
  A ball python (D:2)
  5 bats
  4 frilled lizards
  7 rats
56 creatures vanquished.

Notes
Turn   | Place    | Note
-------+----------+-------------------------------------------
     0 | D:1      | sithsevirus the Vampire Assassin began the quest for the Orb.
     0 | D:1      | Reached XP level 1. HP: 16/16 MP: 1/1
    24 | D:1      | Reached skill level 6 in Stealth
    24 | D:1      | Reached XP level 2. HP: 8/22 MP: 2/2
   586 | D:1      | Reached XP level 3. HP: 27/27 MP: 3/3
  1009 | D:2      | Found a shadowy altar of Dithmenos.
  1019 | D:2      | Became a worshipper of Dithmenos the Shadowed
  1303 | D:2      | Reached XP level 4. HP: 30/33 MP: 4/4
  1432 | D:2      | Reached * piety under Dithmenos
  2584 | D:4      | Reached skill level 7 in Stealth
  2584 | D:4      | Reached XP level 5. HP: 38/38 MP: 5/5
  3158 | D:4      | Found an ornate altar of the Wu Jian Council.
  3512 | D:5      | Entered Level 5 of the Dungeon
  3548 | D:5      | Found a shattered altar of Ashenzari.
  3727 | D:5      | Killed from afar by an orc wizard

Vault maps used:
D:1:      nzn_arrival_water_spiral, serial_corexii_hall, corexii_hall_statues_i,
          corexii_hall_statues_t
D:2:      grunt_dithmenos_smoke
D:3:      minivault_11
D:4:      nicolae_overflow_crystal_walls
D:5:      zin_treasury, old_standard_altar, minmay_temple_entry_crystal_x,
          first_ration

Skill      XL: |  1  2  3  4  5 |
---------------+----------------+-----
Stealth        | 6 7 |  7.3
Short Blades   | 3 4 |  4.7
Dodging        | 2 3 |  3.1
Fighting       | |  1.7
Throwing       | |  1.5

Action                   |  1- 3 |  4- 6 || total
-------------------------+-------+-------++-------
Melee: Dagger            |    94 |   119 ||   213
       Bite              |     6 |    10 ||    16
 Fire: Blowgun           |    10 |       ||    10
  Use: Potion            |     8 |       ||     8
 Stab: Sleeping          |    13 |    10 ||    23
Armor: Leather armour    |    12 |    21 ||    33
Dodge: Dodged            |    41 |    78 ||   119

Table legend:
 A = Spawn XP
 B = Non-spawn XP
 C = Spawn XP percentage of total XP
 D = Spawn monster count
 E = Non-spawn monster count
 F = Spawn count percentage of total count
 G = Total turns spent on level
                    A         B        C        D         E        F      G
               +---------+---------+-------+---------+---------+-------+---------
         Total |       0 |     297 |   0.0 |       0 |      56 |   0.0 |  3727
               +---------+---------+-------+---------+---------+-------+---------
           D:1 |       0 |      54 |   0.0 |       0 |      21 |   0.0 |  1000
           D:2 |       0 |      55 |   0.0 |       0 |      17 |   0.0 |   652
           D:3 |       0 |      80 |   0.0 |       0 |      14 |   0.0 |   838
           D:4 |       0 |      67 |   0.0 |       0 |       3 |   0.0 |  1022
           D:5 |       0 |      41 |   0.0 |       0 |       1 |   0.0 |   215
               +---------+---------+-------+---------+---------+-------+---------
